 Dungeon Crawl Stone Soup version 0.30-a0-1082-g70414cbcbb (webtiles) character file.

Game seed: 8238026438957288114

115347 Xak the Executioner (level 16, -5/154 HPs)
             Began as a Minotaur Berserker on Apr 15, 2023.
             Was a High Priest of Trog.
             Succumbed to a naga sharpshooter's splash of poison
             ... on level 2 of the Snake Pit.
             The game lasted 01:20:39 (25020 turns).

Xak the Executioner (Minotaur Berserker)           Turns: 25020, Time: 01:20:40

Health: -5/154     AC: 27    Str: 30    XL:     16   Next: 18%
Magic:  15/15      EV: 10    Int:  4    God:    Trog [*****.]
Gold:   978        SH: 23    Dex: 20    Spells: 15/15 levels left

rFire   . . .      SeeInvis .    o - +7 broad axe
rCold   . . .      Faith    .    m - +4 kite shield of Dishonour {Will+ Dex+4}
rNeg    . . .      Spirit   .    w - +4 plate armour
rPois   .          Reflect  +    (helmet restricted)
rElec   .          Rampage  +    F - +1 cloak
rCorr   .                        (no gloves)
Will    ++++.                    V - +2 pair of boots {rampage} Stlth
                                 g - amulet of reflection
HPRegen 1.45/turn                a - +4 ring of slaying
MPRegen 0.14/turn                p - +6 ring of dexterity

@: lethally poisoned (-5 -> -28), strong-willed, regenerating
A: horns 2, retaliatory headbutt
a: Renounce Religion, Berserk, Trog's Hand, Brothers in Arms


You were on level 2 of the Snake Pit.
You worshipped Trog.
Trog was extremely pleased with you.
You visited 4 branches of the dungeon, and saw 24 of its levels.

You collected 3083 gold pieces.
You spent 2105 gold pieces at shops.

Inventory:

Hand Weapons
 o - a +7 broad axe (weapon)
 M - a +6 heavy battleaxe
Armour
 m - the +4 kite shield of Dishonour (worn) {Will+ Dex+4}
   (You acquired it on level 13 of the Dungeon)

   Dex:       It affects your dexterity (+4).
   Will:      It increases your willpower.
 w - a +4 plate armour (worn)
 F - a +1 cloak (worn)
 V - a +2 pair of boots of rampaging (worn)
Jewellery
 a - a +4 ring of slaying (left hand)
 f - a ring of ice
 g - an amulet of reflection (around neck)
 h - a ring of positive energy
 p - a +6 ring of dexterity (right hand)
Wands
 e - a wand of charming (17)
 s - a wand of roots (10)
 A - a wand of digging (13)
 E - a wand of light (5)
 H - a wand of flame (43) (quivered)
 J - a wand of polymorph (16)
Scrolls
 b - a scroll of acquirement
 c - a scroll of magic mapping
 j - 3 scrolls of vulnerability
 r - 2 scrolls of poison
 t - a scroll of silence
 x - 3 scrolls of summoning
 z - 2 scrolls of teleportation
 B - 5 scrolls of immolation
 G - a scroll of fear
 L - 7 scrolls of identify
 R - a scroll of torment
Potions
 d - 4 potions of curing
 i - 3 potions of cancellation
 k - 3 potions of ambrosia
 n - 2 potions of magic
 u - 3 potions of resistance
 C - 4 potions of mutation
 I - 2 potions of haste
 K - 2 potions of lignification
 O - 2 potions of might
 S - 2 potions of flight
 T - 2 potions of attraction
 X - 3 potions of invisibility


   Skills:
 + Level 16.9 Fighting
 + Level 22.5 Axes
 + Level 16.1 Armour
 + Level 4.3 Dodging
 + Level 1.9 Stealth
 + Level 12.8 Shields
 + Level 0.7 Evocations


You had 15 spell levels left.
You didn't know any spells.
Your spell library was empty.

Dungeon Overview and Level Annotations

Branches:
Dungeon (15/15)            Temple (0/1) D:6            Lair (5/5) D:11
 Shoals (0/4) Lair:3        Snake (2/4) Lair:3        Slime (0/5) Lair:5
    Orc (2/2) D:12            Elf (0/3) Orc:2        Vaults (0/5) D:14
 Depths (0/4) D:15

Altars:
Cheibriados
Gozag
Hepliaklqana
Kikubaaqudgha
Uskayaw
Xom
Zin

Shops:
D:5 ([[   Orc:2 :[(*   Snake:1 ==:

Portals:
Trove: D:12 (give 6 potions of haste)

Annotations:
D:10 3 runed translucent doors, dufus's ghost, journeyman GnMo
D:15 exclusion: ice statue


Innate Abilities, Weirdness & Mutations

You have a pair of horns on your head.
You reflexively headbutt those who attack you in melee.


Message History

You hit the naga sharpshooter.
* * * LOW HITPOINT WARNING * * *
You feel extremely sick.
The naga sharpshooter unwields a +0 glaive.
The naga sharpshooter wields a +0 shortbow.
The naga sharpshooter mumbles some strange words.
The naga sharpshooter magically shoots an arrow.
You block the arrow with an invisible shield... and reflect it back!
The naga sharpshooter gestures wildly while chanting.
The naga sharpshooter magically shoots an arrow.
The arrow hits you!
* * * LOW HITPOINT WARNING * * *
The naga mage casts a spell at something.
You hear an angry hiss.
Okay, then.
Okay, then.
You feel much better.
* * * LOW HITPOINT WARNING * * *
You feel extremely sick.
A black mamba comes into view.
The naga sharpshooter gestures wildly while chanting.
The naga sharpshooter magically shoots an arrow.
You block the arrow with an invisible shield... and reflect it back!
The naga sharpshooter shoots an arrow.
You block the arrow with an invisible shield... and reflect it back!
The arrow hits the naga sharpshooter!!
The naga mage points at you and mumbles some strange words.
The bolt of poison hits the naga sharpshooter!
The bolt of poison hits you!
You are more poisoned.
* * * LOW HITPOINT WARNING * * *
Your surroundings suddenly seem different.
* * * LOW HITPOINT WARNING * * *
You feel extremely sick.
The naga sharpshooter spits poison at you.
The splash of poison hits you but does no damage.
You are more poisoned.
Your skin crawls.
You feel strong-willed.
You die...

.~....P. N...P#
######## #)N.# #.......
#)#.# #.######
#.).####### #.# #... #
#.#.......###.###.##
#.#.#...........#...#.
#...<.......#####.###.
##)##@......#####.# #.
#..#..............###.
...##.######.#######.†.
##.> #. #.#....##.##
##. #. #.#.#..)..# #.
#. #.#.####### ..
#.#.....# ## #.#####.#
#.......#


You could see a naga sharpshooter (catching breath).

Vanquished Creatures
  Jorgrun (D:15)
  Louise (D:15)
  2 orc warlords (Orc:2)
  A very ugly thing (D:15)
  A stone giant (D:12)
  Snorg (Orc:2)
  A fire dragon (D:15)
  An ettin (shapeshifter) (D:15)
  2 rakshasas
  A great orb of eyes (D:15)
  Erolcha (D:11)
  A catoblepas (Lair:4)
  2 ogre magi (D:15)
  9 two-headed ogres
  4 anacondas
  4 hydras
  2 centaur warriors (D:15)
  4 boulder beetles
  A deep troll shaman (Lair:5)
  A tengu warrior (D:15)
  7 death yaks
  2 naga warriors (Snake:1)
  5 orc high priests (Orc:2)
  A naga sharpshooter (Snake:1)
  A skyshark (Lair:2)
  3 skeletal warriors (D:12)
  3 naga ritualists
  A wizard (D:14)
  4 orc knights
  A necromancer (D:15)
  2 lindwurms
  A wolf spider (D:15)
  3 orc sorcerers (Orc:2)
  A deep elf pyromancer (D:12)
  6 mana vipers
  37 ugly things
  2 salamanders (Snake:2)
  5 cyclopes
  2 manticores
  15 elephants
  Maurice (Orc:2)
  8 black mambas
  3 naga magi
  A cane toad (shapeshifter) (D:14)
  2 gargoyles
  A torpor snail (Lair:3)
  An unseen horror (D:13)
  11 cane toads
  4 rime drakes
  2 kobold demonologists (D:11)
  3 efreet
  A tengu conjurer (D:15)
  8 komodo dragons
  3 polar bears
  3 meliai (D:13)
  A queen bee (D:13)
  12 trolls
  The ghost of Pimp the Charlatan, an amateur DsWn of Sif Muna (D:5)
  Grinder (D:3)
  A snapping turtle (Lair:3)
  4 dream sheep (Lair:5)
  11 blink frogs
  14 slime creatures
  3 wraiths
  44 yaks
  A vampire (D:9)
  3 wyverns
  4 basilisks
  A steam dragon (D:8)
  2 vampire mosquitoes (D:13)
  7 wargs
  7 nagas (Snake:1)
  An acid dragon (D:13)
  11 water moccasins
  Duvessa (D:5)
  An ice beast (D:6)
  3 sky beasts
  27 orc warriors
  3 black bears
  19 wolves
  9 ogres
  4 boggarts (D:14)
  4 centaurs
  A kobold brigand (D:9)
  8 bullfrogs
  2 scorpions
  8 wights
  Dowan (D:5)
  21 killer bees
  An electric eel (D:11)
  6 howler monkeys
  6 hounds
  6 jellies
  8 orc priests
  A sleepcap (D:4)
  A bullfrog skeleton (D:5)
  An iguana (D:6)
  16 orc wizards
  2 howler monkey zombies (D:5)
  3 adders
  A shadow imp (D:5)
  2 dart slugs
  65 orcs
  7 ball pythons
  7 bats
  5 endoplasms
  12 goblins
  6 hobgoblins
  6 jackals
  4 quokkas
  6 frilled lizards
  11 kobolds
  2 rats
621 creatures vanquished.

Vanquished Creatures (collateral kills)
  Nessos (Lair:4)
  A two-headed ogre (D:10)
  A catoblepas (Lair:5)
  2 yaks (D:10)
5 creatures vanquished.

Vanquished Creatures (others)
  An orc priest (D:9)
  An orc (D:9)
  46 fungi
  83 plants
131 creatures vanquished.

Grand Total: 757 creatures vanquished

Notes
Turn   | Place    | Note
-------+----------+-------------------------------------------
     0 | D:1      | Xak the Minotaur Berserker began the quest for the Orb.
     0 | D:1      | Reached XP level 1. HP: 19/19 MP: 0/0
    94 | D:1      | Reached XP level 2. HP: 27/27 MP: 1/1
   127 | D:1      | Reached skill level 4 in Axes
   401 | D:1      | Identified 2 scrolls of acquirement
   401 | D:1      | Acquired a +0 executioner's axe of electrocution
   403 | D:1      | Acquired 1045 gold pieces
   419 | D:1      | Reached ** piety under Trog
   616 | D:2      | Reached XP level 3. HP: 33/33 MP: 2/2
   642 | D:2      | Found a hazy altar of Hepliaklqana.
   840 | D:2      | Found a faded altar of an unknown god.
  1502 | D:3      | Reached XP level 4. HP: 41/41 MP: 3/3
  1557 | D:3      | Found an ancient bone altar of Kikubaaqudgha.
  1592 | D:3      | Found a shimmering altar of Xom.
  1618 | D:3      | Reached skill level 5 in Axes
  1688 | D:3      | Noticed Grinder
  1692 | D:3      | Killed Grinder
  1693 | D:3      | Reached skill level 5 in Fighting
  1693 | D:3      | Reached skill level 6 in Axes
  1693 | D:3      | Reached skill level 1 in Shields
  1693 | D:3      | Reached XP level 5. HP: 48/48 MP: 4/4
  1693 | D:3      | Reached XP level 6. HP: 56/56 MP: 5/5
  1725 | D:3      | Found a hazy altar of Hepliaklqana.
  2129 | D:3      | Reached *** piety under Trog
  2247 | D:3      | Found a glowing silver altar of Zin.
  2247 | D:3      | Noticed an angel
  2638 | D:4      | Reached skill level 7 in Axes
  2820 | D:4      | Reached XP level 7. HP: 50/61 MP: 6/6
  2875 | D:5      | Entered Level 5 of the Dungeon
  2949 | D:5      | Found a runed translucent gate.
  2949 | D:5      | Found a runed translucent gate.
  2951 | D:5      | Found a runed translucent gate.
  2959 | D:5      | Noticed Pimp's ghost (amateur DsWn)
  2973 | D:5      | Reached skill level 8 in Axes
  3019 | D:5      | Found Hiupoup's Armour Shop.
  3030 | D:5      | Bought a +0 cloak of stealth for 138 gold pieces
  3030 | D:5      | Bought a +0 plate armour for 276 gold pieces
  3075 | D:5      | Found Wezaodus's Weapon Shop.
  3157 | D:5      | Found Ysymut's Antique Armour Shoppe.
  3161 | D:5      | Bought a kite shield for 108 gold pieces
  3206 | D:5      | Reached skill level 5 in Armour
  3214 | D:5      | Reached XP level 8. HP: 55/70 MP: 7/7
  3331 | D:5      | Noticed Duvessa
  3331 | D:5      | Noticed Dowan
  3335 | D:5      | Killed Duvessa
  3336 | D:5      | Reached skill level 9 in Axes
  3338 | D:5      | Killed Dowan
  3445 | D:5      | Found a sand-covered staircase.
  3729 | D:5      | Killed Pimp's ghost
  3884 | D:6      | Reached skill level 10 in Axes
  4422 | D:6      | Reached **** piety under Trog
  4447 | D:6      | Reached skill level 11 in Axes
  4453 | D:6      | Reached XP level 9. HP: 75/75 MP: 8/8
  4464 | D:6      | Found a staircase to the Ecumenical Temple.
  4922 | D:7      | Found a hide-covered altar of Uskayaw.
  4938 | D:7      | Reached skill level 1 in Stealth
  4945 | D:7      | Reached skill level 12 in Axes
  5577 | D:8      | Reached skill level 13 in Axes
  5799 | D:8      | Noticed a gargoyle
  5808 | D:8      | Killed a gargoyle
  5845 | D:8      | Noticed a two-headed ogre
  5853 | D:8      | Killed a two-headed ogre
  5854 | D:8      | Reached XP level 10. HP: 55/88 MP: 9/9
  6466 | D:9      | Reached skill level 5 in Shields
  7496 | D:9      | Reached skill level 14 in Axes
  7909 | D:10     | Entered Level 10 of the Dungeon
  7939 | D:10     | Noticed a two-headed ogre
  7945 | D:10     | Killed a two-headed ogre
  7986 | D:10     | Noticed dufus's ghost (journeyman GnMo)
  7991 | D:10     | Noticed a deep elf pyromancer
  7995 | D:10     | Found a runed translucent gate.
  7995 | D:10     | Found a runed translucent gate.
  7995 | D:10     | Found a runed translucent gate.
  8116 | D:10     | Noticed an ice dragon
  9019 | D:12     | Noticed a stone giant
  9119 | D:12     | Killed a stone giant
  9120 | D:12     | Reached skill level 15 in Axes
  9120 | D:12     | Reached XP level 11. HP: 91/97 MP: 10/10
  9275 | D:13     | Noticed a boulder beetle
  9281 | D:13     | Killed a boulder beetle
 10130 | D:13     | Acquired the +4 kite shield of Dishonour {Will+ Dex+4}
 10205 | D:13     | Reached skill level 10 in Armour
 10739 | D:12     | Reached skill level 16 in Axes
 10847 | D:12     | Noticed a boulder beetle
 10876 | D:12     | Killed a boulder beetle
 10970 | D:12     | Noticed a skeletal warrior
 10970 | D:12     | Noticed a skeletal warrior
 10971 | D:12     | Noticed a skeletal warrior
 11006 | D:12     | Killed a skeletal warrior
 11008 | D:12     | Killed a skeletal warrior
 11009 | D:12     | Reached XP level 12. HP: 70/106 MP: 11/11
 11236 | D:12     | Reached skill level 10 in Fighting
 11312 | D:12     | Found a portal to a secret trove of treasure.
 11322 | D:12     | Identified the +0 cloak of Fepulaex {*Slow Str+3 Int+5
                  | Slay-4}
 11894 | D:12     | Found a staircase to the Orcish Mines.
 12092 | D:11     | Noticed Erolcha
 12112 | D:11     | Killed Erolcha
 12113 | D:11     | Reached skill level 17 in Axes
 12223 | D:11     | Found a staircase to the Lair.
 13130 | Lair:1   | Entered Level 1 of the Lair of Beasts
 14292 | Lair:2   | Reached skill level 18 in Axes
 14604 | Lair:2   | Noticed an eight-headed hydra
 14610 | Lair:2   | Killed an 11-headed hydra
 14748 | Lair:2   | Noticed a four-headed hydra
 14750 | Lair:2   | Reached XP level 13. HP: 116/116 MP: 12/12
 15266 | Lair:3   | Found a staircase to the Snake Pit.
 15411 | Lair:3   | Found a transporter.
 15411 | Lair:3   | Found a transporter.
 15675 | Lair:3   | Reached ***** piety under Trog
 15773 | Lair:3   | Reached skill level 19 in Axes
 16109 | Lair:3   | Found a staircase to the Shoals.
 16205 | Lair:3   | Identified the +1 short sword of Upheaval {vamp, Drain
                  | rPois SInv}
 16834 | Lair:4   | Found a gate leading to a gauntlet.
 16898 | Lair:4   | Noticed Nessos
 16914 | Lair:4   | Killed Nessos
 17524 | Lair:4   | Upgraded the game from 0.30-a0-1075-gcd70e7a56d to
                  | 0.30-a0-1082-g70414cbcbb
 17600 | Lair:5   | Entered Level 5 of the Lair of Beasts
 17799 | Lair:5   | Reached skill level 20 in Axes
 17891 | Lair:5   | Reached XP level 14. HP: 120/127 MP: 13/13
 18376 | Lair:5   | Reached skill level 15 in Armour
 18578 | Lair:5   | Found a staircase to the Slime Pits.
 19080 | Orc:1    | Entered Level 1 of the Orcish Mines
 19086 | Orc:1    | Received a gift from Trog
 19483 | Orc:2    | Entered Level 2 of the Orcish Mines
 19484 | Orc:2    | Found a staircase to the Elven Halls.
 19485 | Orc:2    | Found Qinip's Antique Armour Boutique.
 19485 | Orc:2    | Noticed Snorg
 19525 | Orc:2    | Killed Snorg
 19777 | Orc:2    | Paralysed by an orc sorcerer for 2 turns
 19785 | Orc:2    | Received a gift from Trog
 19799 | Orc:2    | Reached skill level 21 in Axes
 19803 | Orc:2    | Found Sevureh's Book Emporium.
 19807 | Orc:2    | Noticed an orc warlord
 20010 | Orc:2    | Found Fofyst's Antique Weapon Emporium.
 20022 | Orc:2    | Noticed an orc warlord
 20075 | Orc:2    | Killed an orc warlord
 20084 | Orc:2    | Killed an orc warlord
 20179 | Orc:2    | Noticed Maurice
 20210 | Orc:2    | Killed Maurice
 20231 | Orc:2    | Bought a glowing broad axe for 217 gold pieces
 20231 | Orc:2    | Bought a runed battleaxe for 294 gold pieces
 20368 | Orc:2    | Found Tikos's General Store.
 20376 | Orc:2    | Bought a potion of curing for 39 gold pieces
 20376 | Orc:2    | Bought a scroll of enchant armour for 97 gold pieces
 20890 | D:14     | Reached skill level 10 in Shields
 21225 | D:14     | Reached XP level 15. HP: 125/139 MP: 14/14
 21633 | D:14     | Found a gate to the Vaults.
 21689 | D:14     | Reached skill level 15 in Fighting
 22070 | D:15     | Entered Level 15 of the Dungeon
 22090 | D:15     | Noticed Jorgrun
 22121 | D:15     | Killed Jorgrun
 22768 | D:15     | Reached skill level 22 in Axes
 22777 | D:15     | Paralysed by something for 2 turns
 23248 | D:15     | Noticed Louise
 23256 | D:15     | Killed Louise
 23261 | D:15     | Found an opulent altar of Gozag.
 23320 | D:15     | Received a gift from Trog
 23535 | D:15     | Found a staircase to the Depths.
 23974 | Snake:1  | Entered Level 1 of the Snake Pit
 23977 | Snake:1  | Identified the +4 scale mail of Subjectivity {Harm}
 24003 | Snake:1  | Found Ystomned's Jewellery Shoppe.
 24004 | Snake:1  | Found Jussoeth's Book Shop.
 24005 | Snake:1  | Found Nuaxt's Jewellery Shoppe.
 24019 | Snake:1  | Bought a +4 ring of slaying for 936 gold pieces
 24140 | Snake:1  | Found a snail-covered altar of Cheibriados.
 24294 | Snake:1  | Reached XP level 16. HP: 152/152 MP: 15/15
 25019 | Snake:2  | HP: 2/154 [poisoned by a naga mage (bolt of poison)]
 25020 | Snake:2  | Succumbed to a naga sharpshooter's splash of poison

Illustrated notes

Levels and vault maps discovered:
D:1:      eino_arrival_druids_welcome, layout_basic,
          kennysheep_decorative_pillar, minmay_misc_feat_room, minmay_tall_x
D:2:      layout_basic, basic_altar, hellmonk_ecumenical_altar_dog_temple
D:3:      layout_basic, marbit_many_paths, nzn_hepliaklqana_mist_gate,
          lemuel_doored_altar, zin_angel, minivault_24, uniq_grinder
D:4:      layout_gridville
D:5:      dreamdust_elfheim, layout_basic, gammafunk_ghost_necromancy,
          nicolae_ossuary_entry_false_entrances, serial_shops,
          kennysheep_mini_moat, nicolae_shop_behind_doors, nicolae_shop_stone,
          chequers_serial_rivers_micro_c
D:6:      layout_gridville, temple_hall, nrook_mini_vaults, minivault_11
D:7:      layout_loops_ring, old_standard_altar, enter_bailey_7
D:8:      layout_basic
D:9:      layout_layer_cave
D:10:     layout_big_octagon, gammafunk_ghost_split, kennysheep_island_fort
D:11:     layout_basic, lair_entry_dummy, uniq_erolcha
D:12:     kennysheep_funnel, layout_stronghold, orc_0_dummy,
          nicolae_trove_entry_crossroad
D:13:     layout_basic, special_room [special_room_bee]
D:14:     layout_roguey, david_vaults_1
D:15:     gammafunk_enter_depths_forms, layout_rooms,
          portal_ice_cave_entry_ice_statue_one, nicolae_wwwww,
          grunt_ministairs_12, grunt_gozag_breadcrumbs, uniq_louise,
          uniq_jorgrun
Lair:1:   layout_hall_layers
Lair:2:   layout_layer_cave, grunt_megastairs_4
Lair:3:   gammafunk_boulding_lane, layout_hall_layers, minmay_shoals_entry_hut,
          dummy_snake_entry, grunt_megastairs_1
Lair:4:   layout_loops_ring, gauntlet_entry_generic, nicolae_lair_yak_garden,
          uniq_nessos
Lair:5:   grunt_lair_end_beastmaster, layout_small_grid,
          nicolae_slime_entry_field_trip
Snake:1:  layout_misc_corridors, basic_altar, minmay_shop_grove
Snake:2:  nicolae_snake_crotalidae_crossing, layout_basic, nrook_loot_triangle,
          nicolae_snake_snakes_in_the_grass
Orc:1:    layout_caves
Orc:2:    grunt_orc_gardens, layout_diamond_mine, grunt_orc_garden,
          grunt_orc_garden, grunt_orc_garden, grunt_orc_garden, uniq_snorg,
          uniq_maurice

Skill      XL: |  1  2  3  4  5  6  7  8  9 10 11 12 13 14 15 |
---------------+----------------------------------------------+-----
Fighting       | 4 5 6 7 9 11 12 14 16 | 16.9
Axes           | 4 6 7 8 11 13 15 16 18 20 21 22 | 22.5
Dodging        | 3 4 |  4.3
Shields        | 1 2 4 6 7 10 12 | 12.8
Armour         | 4 5 6 7 9 11 13 14 15 16 | 16.1
Stealth        | 1 |  1.9
Evocations     | |  0.7

Action                     |  1- 3 |  4- 6 |  7- 9 | 10-12 | 13-15 | 16-18 || total
---------------------------+-------+-------+-------+-------+-------+-------++-------
  Melee: Hand axe          |    30 |       |       |       |       |       ||    30
         Headbutt          |     8 |    15 |    25 |    79 |   266 |    12 ||   405
         Punch             |     1 |       |       |       |       |       ||     1
         Executioner's axe |    48 |    72 |   172 |   210 |       |       ||   502
         Battleaxe         |       |       |       |   156 |   334 |       ||   490
         Broad axe         |       |       |       |       |   586 |    72 ||   658
 Invoke: Berserk           |     1 |       |       |     3 |     3 |       ||     7
         Trog's Hand       |       |       |     2 |     9 |    12 |     1 ||    24
         Brothers in Arms  |       |       |       |     4 |     2 |       ||     6
  Evoke: Wand              |       |       |       |     2 |     1 |       ||     3
    Use: Scroll            |     9 |       |     4 |    20 |    12 |     1 ||    46
         Potion            |       |       |       |     8 |     5 |     1 ||    14
 Armour: Animal skin       |    19 |       |       |       |       |       ||    19
         Scale mail        |    11 |    33 |     4 |       |       |       ||    48
         Plate armour      |       |       |   103 |   266 |   322 |    15 ||   706
  Dodge: Dodged            |    53 |    37 |    80 |   165 |   197 |    19 ||   551
  Block: Other             |    17 |    17 |    65 |   100 |    58 |       ||   257
         Reflection        |       |       |     1 |     7 |    29 |    11 ||    48
         Kite shield       |       |       |       |       |   380 |    70 ||   450

Table legend: (Time is in decaauts)
 A = Elapsed time spent in this place.
 B = Non-inter-level travel time spent in this place.
 C = Inter-level travel time spent in this place.
 D = Time resting spent in this place.
 E = Time spent auto-exploring this place.
 F = Levels seen in this place.
 G = Mean time per level.
                   A        B        C        D        E       F      G
               +--------+--------+--------+--------+--------+-----+--------+
         Total |  25046 |  22640 |   2406 |   2836 |  16463 |  24 | 1043.6 |
       Dungeon |  16737 |  14971 |   1766 |   1865 |  11063 |  15 | 1115.8 |
          Lair |   5871 |   5348 |    523 |    787 |   3831 |   5 | 1174.2 |
     Snake Pit |   1024 |   1005 |     19 |      0 |    842 |   2 |  512.0 |
  Orcish Mines |   1412 |   1314 |     98 |    183 |    727 |   2 |  706.0 |
               +--------+--------+--------+--------+--------+-----+--------+

Top non-repeatable levels by time:
     D:9: 1750 daAuts
    D:15: 1735 daAuts
    D:12: 1717 daAuts
    D:13: 1627 daAuts
    D:11: 1512 daAuts
  Lair:3: 1431 daAuts
  Lair:5: 1274 daAuts
  Lair:2: 1251 daAuts
    D:14: 1217 daAuts
   Orc:2: 1006 daAuts
     D:6: 974 daAuts
  Lair:1: 957 daAuts
  Lair:4: 956 daAuts
     D:3: 949 daAuts
     D:5: 924 daAuts
